Map: Odyssey LE

Players

Serral

  • Race: Zerg Zerg
  • Spawn Location: 11:00

Zanster - Winner!

  • Race: Zerg Zerg
  • Spawn Location: 5:00

Event: WCS Valencia 2017

VOD

Have the link to the VOD?

Description

Time

  • Played on: July 13, 2017, 1:48 p.m.
  • Length: 13:03

All games in this series

Show
View Real Time Build Order
Export as new Build Order

Serral Zerg 

Build Orders: Pool First 

Get SALT Encoding   

  12  0:00  Drone  
  13  0:12  Overlord  
  13  0:16  Drone  
  14  0:31  Drone x2  
  14  0:34  Drone  
  17  0:45  Extractor, Drone  
  17  0:50  Spawning Pool  
  17  0:56  Drone  
  17  1:07  Drone  
  18  1:18  Hatchery  
  17  1:22  Drone  
  18  1:29  Drone  
  19  1:36  Queen  
  21  1:40  Zergling x2  
  21  1:46  Metabolic Boost  
  22  1:53  Overlord  
  22  2:06  Baneling Nest  
  22  2:07  Zergling x2  
  22  2:13  Queen  
  24  2:17  Zergling x2  
  24  2:22  Zergling x2  
  27  2:30  Zergling x2  
  27  2:33  Zergling x2  
  28  2:44  Zergling x4  
  30  2:49  Baneling x2  
  30  2:50  Overlord  
  30  2:51  Drone x3  
  33  3:01  Drone  
  33  3:03  Drone  
  36  3:12  Drone  
  36  3:13  Drone  
  36  3:18  Zergling x2, Drone x2  
  40  3:22  Overlord  
  40  3:23  Drone  
  40  3:25  Baneling x2  
  41  3:29  Drone  
  41  3:30  Drone  
  42  3:39  Drone x2  
  43  3:48  Hatchery  
  40  3:52  Zergling x6  
  43  3:55  Drone  
  45  4:02  Zergling x2  
  45  4:06  Zergling x4  
  47  4:11  Roach Warren  
  47  4:12  Baneling x2  
  47  4:14  Drone x3  
  47  4:16  Drone  
  50  4:20  Queen  
  52  4:24  Overlord  
  52  4:28  Overlord  
  52  4:37  Overlord  
  52  4:42  Drone  
  52  4:45  Lair  
  52  4:47  Evolution Chamber, Drone x3, Extractor  
  52  4:49  Drone  
  52  4:51  Drone  
  55  4:55  Drone x2  
  57  5:01  Overlord  
  56  5:13  Zerg Missile Weapons Level 1  
  56  5:14  Extractor  
  55  5:15  Drone x5  
  55  5:17  Overlord  
  60  5:22  Drone x2  
  60  5:25  Drone  
  60  5:26  Overlord  
  63  5:28  Drone x2  
  63  5:34  Overlord  
  67  5:36  Roach  
  67  5:39  Overlord  
  69  5:51  Drone x2  
  69  5:54  Overlord  
  69  5:55  Drone x2  
  69  5:56  Drone  
  69  5:59  Roach  
  69  6:02  Overlord  
  72  6:04  Roach x4  
  72  6:05  Roach  
  72  6:06  Roach  
  72  6:10  Overseer  
  82  6:11  Overlord  
  82  6:12  Roach  
  82  6:18  Roach  
  84  6:19  Roach  
  84  6:22  Spine Crawler, Roach  
  84  6:23  Glial Reconstitution  
  87  6:26  Spine Crawler, Roach  
  88  6:37  Roach  
  88  6:38  Roach x7  
  104  6:42  Baneling x2  
  104  6:44  Overlord  
  104  6:50  Roach x3  
  110  7:02  Queen  
  110  7:06  Roach  
  110  7:07  Roach x4  
  118  7:11  Overlord  
  114  7:18  Roach x4  
  115  7:25  Queen x2  
  115  7:27  Roach x3  
  117  7:32  Roach  
  107  7:38  Queen, Roach x2  
  107  7:41  Extractor  
  107  7:43  Roach x2  
  108  7:52  Drone x4  
  108  7:53  Drone x4  
  108  7:54  Drone x2  
  108  7:57  Extractor  
  117  7:59  Hatchery  
  117  8:02  Zerg Missile Weapons Level 2  
  116  8:06  Extractor  
  116  8:07  Roach  
  117  8:13  Roach x2  
  117  8:14  Roach  
  117  8:18  Overlord  
  123  8:20  Roach x2  
  123  8:23  Overlord  
  123  8:25  Roach x3  
  133  8:33  Roach x3  
  139  8:37  Overlord  
  139  8:38  Roach x3  
  139  8:39  Roach  
  147  8:45  Unknown  
  147  8:46  Roach x4  
  155  8:55  Roach x5  
  165  8:59  Overlord  
  165  9:03  Roach x2  
  165  9:10  Hydralisk Den  
  165  9:14  Drone x2  
  165  9:15  Drone x4  
  168  9:18  Roach  
  168  9:19  Roach  
  172  9:25  Ravager x4  
  176  9:40  Extractor, Muscular Augments  
  176  9:41  Drone x3  
  176  9:42  Ravager  
  176  9:43  Ravager  
  180  9:48  Spine Crawler, Roach x4  
  180  9:50  Spine Crawler  
  186  9:56  Overseer  
  180  10:11  Roach  
  180  10:12  Roach x5  
  192  10:16  Spore Crawler  
  192  10:17  Spine Crawler  
  192  10:18  Spore Crawler, Spine Crawler, Overlord x3  
  192  10:19  Overseer  
  188  10:21  Pneumatized Carapace, Drone x2  
  188  10:23  Overseer, Drone x2  
  188  10:27  Overlord  
  192  10:29  Overlord  
  192  10:34  Overseer  
  192  10:35  Overseer  
  193  10:42  Ravager  
  193  10:43  Ravager x3  
  196  10:52  Roach Warren  
  196  10:53  Roach x2  
  199  10:59  Hatchery  
  161  11:15  Hydralisk x4  
  161  11:16  Hydralisk x6  
  121  11:35  Roach  
  121  11:36  Roach x9  
  140  11:45  Roach x5  
  141  11:50  Roach x3  
  127  12:05  Roach x6  
  111  12:19  Roach  
  111  12:20  Roach x3  
  115  12:28  Roach x2  
  119  12:30  Unknown x2  
  119  12:36  Roach x2  
  119  12:37  Roach  
Show
View Real Time Build Order
Export as new Build Order

Zanster Zerg - Winner!

Build Orders: Hatch First 

Get SALT Encoding   

  12  0:00  Drone  
  13  0:12  Overlord  
  13  0:16  Drone  
  14  0:32  Drone x2  
  14  0:34  Drone  
  17  0:52  Hatchery  
  17  0:55  Drone  
  17  0:58  Drone  
  18  1:10  Extractor  
  17  1:14  Spawning Pool  
  17  1:17  Drone  
  17  1:20  Drone  
  18  1:29  Drone  
  19  1:39  Drone  
  20  1:51  Overlord  
  20  2:03  Queen  
  20  2:04  Queen  
  20  2:05  Zergling x4  
  26  2:10  Metabolic Boost  
  26  2:12  Zergling x2  
  27  2:16  Drone  
  27  2:22  Drone  
  29  2:26  Drone  
  30  2:32  Drone  
  30  2:33  Baneling Nest  
  30  2:40  Drone  
  31  2:49  Drone  
  31  2:50  Drone  
  33  2:54  Overlord  
  33  3:04  Hatchery  
  32  3:08  Zergling x2  
  32  3:09  Zergling x4  
  35  3:15  Queen  
  35  3:16  Baneling  
  35  3:17  Baneling x2  
  35  3:18  Baneling x2  
  38  3:20  Zergling x8  
  38  3:21  Zergling x2  
  38  3:23  Zergling x2  
  38  3:25  Baneling  
  43  3:35  Overlord  
  43  3:41  Drone  
  43  3:48  Drone  
  44  3:54  Drone x6  
  50  4:01  Overlord  
  50  4:05  Drone  
  51  4:10  Lair  
  51  4:15  Evolution Chamber  
  50  4:18  Drone x2  
  50  4:21  Extractor  
  50  4:22  Extractor, Drone  
  51  4:24  Drone x2  
  53  4:34  Drone x5  
  53  4:35  Drone  
  59  4:43  Zerg Missile Weapons Level 1  
  59  4:44  Overlord  
  58  4:50  Roach Warren  
  58  4:51  Drone  
  58  4:54  Drone  
  59  5:03  Extractor  
  59  5:07  Overlord  
  59  5:12  Overlord  
  59  5:13  Zergling x2  
  59  5:14  Zergling x2  
  61  5:15  Zergling x2  
  61  5:17  Hatchery  
  60  5:29  Glial Reconstitution  
  60  5:31  Roach  
  60  5:32  Roach x4  
  60  5:33  Roach  
  72  5:40  Roach  
  72  5:41  Roach  
  76  5:44  Roach x2  
  80  5:52  Roach  
  80  5:56  Overlord  
  80  5:57  Roach  
  80  6:00  Overlord  
  81  6:04  Roach  
  81  6:11  Overlord x3  
  83  6:14  Roach x3  
  89  6:21  Roach  
  89  6:25  Roach  
  93  6:29  Roach  
  93  6:30  Roach  
  97  6:34  Roach  
  97  6:35  Roach x3  
  97  6:38  Zerg Missile Weapons Level 2  
  97  6:39  Roach  
  107  6:40  Roach  
  107  6:43  Roach  
  107  6:46  Roach  
  113  6:52  Roach x2  
  113  6:53  Unknown, Roach  
  119  6:55  Roach  
  119  6:58  Overlord  
  120  7:07  Drone x5  
  124  7:08  Drone  
  124  7:09  Drone  
  124  7:10  Drone  
  121  7:17  Drone  
  121  7:18  Drone  
  121  7:22  Roach x3  
  116  7:29  Roach  
  116  7:30  Roach x3  
  116  7:31  Overlord  
  116  7:35  Roach  
  110  7:43  Roach  
  98  7:45  Overseer  
  98  7:48  Roach  
  98  7:49  Hatchery  
  99  7:52  Roach x3  
  99  7:56  Extractor  
  99  7:57  Overlord  
  104  8:03  Roach x2  
  108  8:06  Roach  
  108  8:10  Drone  
  108  8:11  Drone x6  
  118  8:12  Drone  
  118  8:13  Drone  
  119  8:20  Overlord  
  119  8:25  Tunneling Claws  
  119  8:26  Burrow  
  119  8:28  Roach x2  
  119  8:29  Roach  
  125  8:36  Roach x3  
  125  8:39  Extractor  
  125  8:40  Roach x2  
  134  8:47  Unknown, Roach  
  134  8:48  Unknown, Roach x2  
  140  8:50  Overlord  
  140  8:52  Roach x2  
  144  9:00  Overlord x2  
  144  9:01  Overlord  
  142  9:10  Roach  
  142  9:11  Roach x3  
  142  9:13  Roach  
  142  9:14  Roach  
  154  9:19  Roach  
  154  9:20  Roach x2  
  160  9:28  Zerg Ground Armor Level 1  
  160  9:31  Roach x4  
  168  9:38  Roach x13  
  168  9:39  Roach x3  
  168  9:40  Roach x2  
  168  9:45  Roach x2  
  182  9:47  Overlord  
  182  9:59  Overlord x3  
  182  10:00  Overlord  
  182  10:06  Roach  
  174  10:09  Roach x8  
  174  10:12  Overlord  
  174  10:13  Roach  
  182  10:18  Roach x5  
  182  10:19  Overseer  
  194  10:21  Roach  
  194  10:27  Roach x2  
  198  10:30  Roach x32  
  192  10:36  Roach x3  
  192  10:38  Drone  
  192  10:40  Extractor  
  198  10:46  Overseer  
  198  10:57  Roach x11  
  188  11:06  Roach x4  
  188  11:07  Roach x6  
  192  11:14  Roach x4  
  192  11:15  Roach x3  
  176  11:25  Roach  
  176  11:26  Roach x10  
  176  11:29  Drone x7  
  187  11:42  Drone x7  
  190  11:51  Roach  
  190  11:52  Roach x4  
  198  11:54  Overseer  
  172  12:09  Roach  
  172  12:10  Roach x8  
  180  12:18  Roach  
  180  12:19  Roach x2  
  180  12:20  Roach x5  
  180  12:21  Roach x5  
  176  12:27  Roach x2  
  180  12:34  Roach x7  
  180  12:36  Roach  
  180  12:37  Roach x3  
  186  13:00  Unknown  
  186  13:01  Unknown x5  
Tags
 
Add a new tag
Caveats
  • Supply blocks, unpowered buildings, or Contaminate may cause inaccurate times.
  • Supply counts are checked every 10 seconds.